 Dungeon Crawl Stone Soup version 0.32-a0-612-g1c984fe9d1 (webtiles) character file.

Game seed: 2990161355821449605

160 dialectric the Shooter (level 5, -6/40 HPs)
             Began as a Coglin Hunter on Mar 5, 2024.
             Engulfed by a steam dragon's steam (11 damage)
             ... on level 4 of the Dungeon.
             The game lasted 00:01:48 (2185 turns).

dialectric the Shooter (Coglin Hunter)              Turns: 2185, Time: 00:01:49

Health: -6/40      AC:  3    Str: 13    XL:     5   Next: 41%
Magic:  4/4        EV: 12    Int:  9    God:
Gold:   116        SH:  0    Dex: 17    Spells: 4/4 levels left

rFire   . . .        a - +2 sling {Dongyul}
rCold   . . .        d - +0 sling {Lukas}
rNeg    . . .        c - +0 leather armour
rPois   .            (no helmet)
rElec   .            (no cloak)
rCorr   .            (no gloves)
SInv    .            (no boots)
Will    .....        (amulet unavailable)
Stlth   ++           (ring unavailable)
HPRegen 0.26/turn    (ring unavailable)
MPRegen 0.09/turn    (no gizmo)

%: no passive effects
@: brilliant, revving
A: off-hand wielding, slow wielding, warmup strikes, no jewellery, low MP 1
a: Invent Gizmo


You were on level 4 of the Dungeon.
You visited 1 branch of the dungeon, and saw 4 of its levels.

You collected 116 gold pieces.

Inventory:

Hand Weapons
 a - a +2 sling (weapon) {Dongyul}
 d - a +0 sling (offhand) {Lukas}
Missiles
 f - 13 poisoned darts
Armour
 c - a +0 leather armour (worn)
Scrolls
 b - a scroll of butterflies
 e - 2 scrolls of immolation {unknown}
 h - a scroll of revelation {unknown}
 i - a scroll of enchant weapon {unknown}
 k - 3 scrolls of identify {unknown}
Potions
 g - a potion of mutation
 j - a potion of curing
 l - a potion of brilliance
 m - a potion of heal wounds {unknown}
 n - a potion of degeneration {unknown}
 o - 2 potions of invisibility {unknown}


   Skills:
 + Level 2.8 Fighting
 * Level 4.6 Ranged Weapons
 + Level 1.0 Armour
 + Level 2.5 Dodging
 + Level 2.0 Stealth


You had 4 spell levels left.
You didn't know any spells.
Your spell library contained the following spells:

 Spells                   Type           Power      Damage    Failure   Level
 Magic Dart               Conj           0%         1d3       45%         1
 Blink                    Tloc           0%         N/A       61%         2
 Call Imp                 Summ           0%         N/A       61%         2


Dungeon Overview and Level Annotations

Branches:
Dungeon (4/15)
 Temple: D:4-7

Altars:
Ashenzari
Okawaru
Trog

Shops:
D:1 =


Innate Abilities, Weirdness & Mutations

You can wield a second weapon in your off-hand.
It takes a long time for you to wield or remove held weapons.
Your first few attacks do less damage.
You cannot equip rings or amulets.
Your magical capacity is low. (-10% MP)


Message History

The steam dragon is moderately wounded.
The steam dragon breathes steam at you. The ball of steam misses you.
Unknown command.
You shoot a sling bullet.
The sling bullet barely misses the steam dragon.
You shoot a sling bullet.
The sling bullet closely misses the steam dragon.
You are engulfed in a cloud of scalding steam.
The steam dragon bites you. The steam dragon barely misses you.
You shoot a sling bullet.
The sling bullet barely misses the steam dragon.
You shoot a sling bullet.
The sling bullet closely misses the steam dragon.
You are engulfed in a cloud of scalding steam.
* * * LOW HITPOINT WARNING * * *
The steam dragon barely misses you. The steam dragon claws you.
* * * LOW HITPOINT WARNING * * *
You are too injured to fight recklessly!
Unknown command.
You are too injured to fight recklessly!
The steam dragon attacks as it pursues you!
The steam dragon bites you.
* * * LOW HITPOINT WARNING * * *
The steam dragon barely misses you.
It was a potion of brilliance.
You feel clever all of a sudden. The steam dragon breathes steam at you.
The ball of steam hits you.
* * * LOW HITPOINT WARNING * * *
It was a potion of curing.
You feel better.
You are engulfed in a cloud of scalding steam.
* * * LOW HITPOINT WARNING * * *
The steam dragon bites you.
* * * LOW HITPOINT WARNING * * *
The steam dragon closely misses you.
It was a potion of mutation.
You feel extremely strange.
You feel less energetic.
You are engulfed in a cloud of scalding steam.
You die...

# # .# ##. #######..
#..##... #.##...## #.#
#...### ######.#
###...###
.....#.#######.D@######
####.#.#.#.####.......#
#.#......# #######.#
#.###.#..# #.#
####.....#..# #.#
...#######..# #.######
##.# #####..# #.##...#
#.###......# #.##.#.#
#...#.###.#### #....#.#


You could see a steam dragon (catching breath).

Vanquished Creatures
  A phantom (D:4)
  Jessica (D:2)
  3 dart slugs
  4 endoplasms
  A giant cockroach (D:2)
  4 goblins
  8 hobgoblins
  5 kobolds
  4 quokkas
  7 ball pythons
  3 bats
  4 frilled lizards
  3 rats
48 creatures vanquished.

Notes
Turn   | Place    | Note
-------+----------+-------------------------------------------
     0 | D:1      | dialectric the Coglin Hunter began the quest for the Orb.
     0 | D:1      | Reached XP level 1. HP: 16/16 MP: 1/1
   100 | D:1      | Found Jiuff's Jewellery Boutique.
   104 | D:1      | Reached skill level 1 in Stealth
   115 | D:1      | Reached XP level 2. HP: 22/22 MP: 2/2
   753 | D:2      | Found a faded altar of an unknown god.
   829 | D:2      | Reached XP level 3. HP: 27/27 MP: 3/3
   849 | D:2      | Reached skill level 4 in Ranged Weapons
   869 | D:2      | Noticed Jessica
   873 | D:2      | Killed Jessica
   980 | D:2      | Reached XP level 4. HP: 34/34 MP: 4/4
  1255 | D:3      | Found a broken altar of Ashenzari.
  1473 | D:3      | Found a bloodstained altar of Trog.
  1548 | D:3      | Found an iron altar of Okawaru.
  2074 | D:4      | Noticed a phantom
  2080 | D:4      | Killed a phantom
  2081 | D:4      | Reached skill level 1 in Armour
  2081 | D:4      | Reached XP level 5. HP: 40/40 MP: 5/5
  2172 | D:4      | Noticed a steam dragon
  2185 | D:4      | Gained mutation: Your magical capacity is low. (-10% MP)
                  | [potion of mutation]
  2185 | D:4      | Engulfed by a steam dragon's steam

Illustrated notes

Levels and vault maps discovered:
D:1:      dpeg_arrival_radiant, layout_loops_cross, serial_shops,
          nicolae_square_shop, minmay_misc_feat_nine_boxes
D:2:      layout_basic, hellmonk_ecumenical_altar_zigzags, uniq_jessica
D:3:      layout_basic, nicolae_ashenzari_skybound, mainiacjoe_overflow_paths,
          kennysheep_okawaru_gauntlet
D:4:      layout_basic, serial_curves, eino_curves_04, eino_curves_02,
          eino_curves_03

Skill      XL: |  1  2  3  4 |
---------------+-------------+-----
Stealth        | 1 2 |  2.0
Dodging        | 2 |  2.5
Ranged Weapons | 4 |  4.6
Armour         | 1 |  1.0
Fighting       | |  2.8

Action                     |  1- 3 |  4- 6 || total
---------------------------+-------+-------++-------
   Fire: Sling             |    90 |   110 ||   200
    Use: Potion            |       |     3 ||     3
 Armour: Leather armour    |     1 |    15 ||    16
  Dodge: Dodged            |     1 |     7 ||     8

Table legend: (Time is in decaauts)
 A = Elapsed time spent in this place.
 B = Non-inter-level travel time spent in this place.
 C = Inter-level travel time spent in this place.
 D = Time resting spent in this place.
 E = Time spent auto-exploring this place.
 F = Levels seen in this place.
 G = Mean time per level.
                   A        B        C        D        E       F      G
               +--------+--------+--------+--------+--------+-----+--------+
         Total |   2207 |   2128 |     79 |      0 |   1882 |   4 |  551.8 |
       Dungeon |   2207 |   2128 |     79 |      0 |   1882 |   4 |  551.8 |
               +--------+--------+--------+--------+--------+-----+--------+

Top non-repeatable levels by time:
     D:3: 763 daAuts
     D:1: 685 daAuts
     D:2: 561 daAuts
     D:4: 197 daAuts
